 Dungeon Crawl Stone Soup version 0.30-a0-586-g23e55c9e0a (webtiles) character file.

Game seed: 14262841218576304942

413 MackTheKnife the Magician (level 6, 0/48 HPs)
             Began as an Armataur Wanderer on Jan 3, 2023.
             Succumbed to a cane toad's poison
             ... in a sewer.
             The game lasted 00:05:42 (3131 turns).

MackTheKnife the Magician (Armataur Wanderer)       Turns: 3131, Time: 00:05:42

Health: 0/48       AC:  6    Str: 15 (17) XL:     6   Next: 59%
Magic:  3/12       EV:  9    Int:  9 (15) God:
Gold:   99         SH:  0    Dex:  3 (9)  Spells: 10/14 levels left

rFire   + . .      SeeInvis .    u - +4 quarterstaff (chaos) {staff}
rCold   . . .      Faith    .    (shield currently unavailable)
rNeg    . . .      Spirit   .    d - +0 leather armour
rPois   +          Reflect  .    (no helmet)
rElec   .          Harm     .    t - +1 cloak {rPois}
rCorr   .          Roll     +    (no gloves)
Will    .....                    (no barding) Stlth
                                 (no amulet)
HPRegen 0.00/turn                (no ring)
MPRegen 0.13/turn                (no ring)

@: lethally poisoned (0 -> -20), flying, very slightly contaminated, inhibited
regen
A: large, rugged brown scales 3, deformed body, armoured tail, roll, long
tongue, awkward tongue, hooves 1, fire resistance 1, frail 1, inhibited
regeneration, wild magic 1
a: no special abilities


You were in a sewer.
You visited 1 branch of the dungeon, and saw 3 of its levels.
You also visited: Sewer.

You collected 99 gold pieces.


Innate Abilities, Weirdness & Mutations

You are completely covered in rugged brown scales. (AC +3, +7% HP)
Armour fits poorly on your strangely shaped body.
You have a long armoured tail.
You roll when moving toward enemies. (Rampage)
Your long tongue fully drains potion bottles. (2x potion effects)
Your tongue gives you trouble enunciating. (1.5x scroll delay)
You have large cloven feet.
Your flesh is heat resistant. (rF+)
You are frail. (-10% HP)
You do not regenerate when monsters are visible.
Your spells are a little harder to cast, but a little more powerful.


   Skills:
 - Level 2.4 Fighting
 - Level 1.2 Armour
 - Level 2.6 Unarmed Combat
 - Level 4.6 Spellcasting
 - Level 1.7 Transmutations
 + Level 2.2 Ice Magic
 - Level 1.0 Invocations
 - Level 2.0 Evocations


You had 10 spell levels left.
You knew the following spells:

 Your Spells              Type           Power      Damage    Failure   Level
a - Sting                 Tmut/Pois      16%        1d3       30%         1
b - Frozen Ramparts       Ice            14%        1d3       45%         3

Your spell library contained the following spells:

 Spells                   Type           Power      Damage    Failure   Level
 Freeze                   Ice            28%        1d5       19%         1
 Passwall                 Tmut/Erth      3%         N/A       41%         2
 Hailstorm                Conj/Ice       5%         3d4       61%         3
 Ignite Poison            Fire/Tmut/Pois 4%         N/A       67%         3

Inventory:

Hand Weapons
 j - a +0 dagger {short}
   (You took it off a goblin on level 1 of the Dungeon)
 k - a +0 dagger of electrocution {short}
   (You took it off a goblin on level 1 of the Dungeon)
 u - a +4 quarterstaff of chaos (weapon) {staff}
   (You found it on level 2 of the Dungeon)
Missiles
 a - 4 poisoned darts {throwing}
 n - 6 stones {throwing}
Armour
 b - a +0 robe
   (You took it off Sigmund on level 2 of the Dungeon)
 d - a +0 leather armour (worn)
 p - a +0 ring mail
   (You found it on level 1 of the Dungeon)
 q - a +0 leather armour
   (You found it on level 1 of the Dungeon)
 t - a +1 cloak of poison resistance (worn)
   (You found it on level 2 of the Dungeon)
 w - a +0 robe
   (You found it on level 2 of the Dungeon)
 x - a +0 ring mail
   (You found it on level 2 of the Dungeon)
 y - a +0 chain mail
   (You found it on level 2 of the Dungeon)
Jewellery
 g - a ring of ice
   (You found it on level 1 of the Dungeon)
 m - a ring of wizardry
   (You took it off a kobold on level 1 of the Dungeon)
Scrolls
 c - a scroll of vulnerability {!r!r}
 f - 2 scrolls of amnesia
 l - a scroll of fog {unknown}
 o - 3 scrolls of identify {@r1}
 r - 2 scrolls of teleportation {unknown}
 s - a scroll of noise {unknown}
 B - 2 scrolls of immolation {!r!r}
 C - a scroll of fear {unknown}
Potions
 e - a potion of attraction {!q}

Dungeon Overview and Level Annotations

Branches:
Dungeon (3/15) Zot: 15392   Sewer (1/1) Zot: 5458

Altars:
Trog
Wu Jian

Shops:
D:2

* #~ #≈≈~ #~≈.# ..+
#~ #≈≈. #~≈.# +..+ #~
#≈≈~ #~≈~# #..# #~
#≈≈. #.≈~# #..# #.
#≈≈~ #~≈~# #.~# #.
#≈≈~ #.≈~# #~~# #~
#≈≈F###~≈~####~~####~
#≈≈~@~.~.~~~~~~~~~~~~
#≈≈≈≈≈≈≈≈≈≈≈≈≈~~≈≈≈≈≈
#≈≈≈~~†~.~~.~~..~.~~~
#≈≈≈.###############≈
#≈≈~~# #≈ #≈≈~.. #≈
#≈≈..~ #≈ #≈≈... #≈
#≈


You could see a cane toad shaped shifter.


Message History

You lost 1 mp, and now have 8/12 mp.
The sting hits the worm but does no damage.
The worm looks even sicker. 😎 MP[-1]
You lost 1 mp, and now have 7/12 mp.
Unknown command.
You thump the worm!
The worm changes into a shapeshifter!
The shapeshifter changes into a cane toad!
You barely miss the cane toad. The cane toad stings you!
Your magical contamination has completely faded away. 😕 HP[-12] MP[+1]
You take 12 damage, and now have 41/53 hp.
MASSIVE DAMAGE!! (PAUSE)
Casting: Sting (safe; 14% risk of failure)
Confirm with . or Enter, or press ? or * to list all spells.
Casting: Frozen Ramparts (dangerous; 24% risk of failure)
Press: ? - help, Dir - look around, f - activate Some shallow water.
You miscast Frozen Ramparts.
You are very lightly contaminated with residual magic.
Nothing appears to happen.
The cane toad stings you!!
* * * LOW HITPOINT WARNING * * *
😨 HP[-18] MP[-3]
You take 18 damage, and now have 23/53 hp.
MASSIVE DAMAGE!! (PAUSE)
You lost 3 mp, and now have 5/12 mp.
Casting: Frozen Ramparts (dangerous; 24% risk of failure)
Confirm with . or Enter, or press ? or * to list all spells.
Casting: Frozen Ramparts (dangerous; 24% risk of failure)
Press: ? - help, Dir - look around, f - activate Some shallow water.
You miscast Frozen Ramparts.
Nothing appears to happen.
The cane toad stings you.
* * * LOW HITPOINT WARNING * * *
😨 HP[-3] MP[-3]
You take 3 damage, and now have 20/53 hp.
You lost 3 mp, and now have 2/12 mp.
Unknown command.
Okay, then.
You slurp down every last drop of the grey potion!
It was a potion of heal wounds.
You feel much better. The cane toad stings you.
You are poisoned.
The cane toad poisons you!
The cane toad stings you but does no damage. 😕 HP[+28]
You regained 28 hp, and now have 48/53 hp.
Unknown command.
You slurp down every last drop of the fizzy silvery potion!
It was a potion of flight.
You feel very buoyant.
You fly up into the air.
You feel very sick.
The cane toad stings you but does no damage. 😕 HP[-4]
You take 4 damage, and now have 44/53 hp.
You slurp down every last drop of the yellow potion!
It was a potion of mutation.
You feel extremely strange.
You feel frail.
You feel resistant to cold.
Your feet thicken and deform.
Your regeneration stops near monsters.
You no longer feel cold resistant.
You feel less in control of your magic.
You feel resistant to heat.
You feel very sick.
The cane toad closely misses you. 😕 HP[-3]
You now have 48 max hp (-5).
You slurp down every last drop of the fuming puce potion!
It was a potion of degeneration.
There was something very wrong with that liquid.
You feel weakened.
You feel dopey.
You feel clumsy.
You feel very sick. The cane toad stings you. 😮 HP[-7]
You take 7 damage, and now have 34/48 hp.
As you slowly read the scroll labelled FEEMEDWECIU, it crumbles to dust.
It is a scroll of amnesia.
Really abort (and waste the scroll)?
Okay, then.
You feel very sick. The cane toad stings you. The cane toad stings you!
* * * LOW HITPOINT WARNING * * *
You are lethally poisoned!
The cane toad poisons you! 😨 HP[-11] MP[+1]
You take 11 damage, and now have 23/48 hp.
MASSIVE DAMAGE!! (PAUSE) Unknown command.
As you slowly read the scroll labelled RIROUMUKUN, it crumbles to dust.
It is a scroll of identify.
B - 2 scrolls of immolation
* * * LOW HITPOINT WARNING * * *
You feel extremely sick.
The cane toad stings you but does no damage.
The cane toad stings you!
* * * LOW HITPOINT WARNING * * *
😱 HP[-14]
You take 14 damage, and now have 9/48 hp.
MASSIVE DAMAGE!! (PAUSE) As you slowly read the scroll labelled CICZACZOEZA, it crumbles to dust.
Your body is wracked with pain!
* * * LOW HITPOINT WARNING * * *
The cane toad convulses!
It was a scroll of torment.
You die...

Skill      XL: |  1  2  3  4  5  6 |
---------------+-------------------+-----
Fighting       | 1 2 |  2.4
Spellcasting   | 3 4 |  4.6
Ice Magic      | 2 |  2.2
Armour         | |  1.2
Unarmed Combat | |  2.6
Transmutations | |  1.7
Invocations    | |  1.0
Evocations     | |  2.0

Action                   |  1- 3 |  4- 6 || total
-------------------------+-------+-------++-------
Melee: Unarmed           |    14 |       ||    14
       Tailslap          |    12 |     1 ||    13
       Dagger            |    48 |       ||    48
       Quarterstaff      |    12 |    55 ||    67
 Cast: Sting             |    33 |    54 ||    87
Evoke: Wand              |     4 |       ||     4
  Use: Potion            |     1 |     4 ||     5
       Scroll            |       |     3 ||     3
Armor: Leather armour    |    38 |    41 ||    79
Dodge: Dodged            |    41 |    44 ||    85

Levels and vault maps discovered:
D:1:      saegor_arrival_miasma, layout_loops_cross, patterned_corridor
D:2:      minmay_door_path, layout_loops_ring, basic_altar, serial_shops,
          shop_fountains, uniq_crazy_yiuf_cottage, uniq_sigmund
D:3:      layout_basic, mainiacjoe_overflow_boulevard,
          lightli_sewer_entry_pipes, kennysheep_pointless_box
Sewer:    sewer_fruit_machine

Notes
Turn   | Place    | Note
-------+----------+-------------------------------------------
     0 | D:1      | MackTheKnife the Armataur Wanderer began the quest for the
                  | Orb.
     0 | D:1      | MackTheKnife set off with the following items: a +0 club
                  | {mace}, a wand of polymorph (4), a scroll of vulnerability
                  | {!r!r}, a +0 leather armour, a potion of attraction {!q};
                  | and the following spell memorised: Sting; and the following
                  | spells available to memorise: Passwall, Ignite Poison.
     0 | D:1      | Reached XP level 1. HP: 14/14 MP: 2/2
     0 | D:1      | magus.rc [v1.9.6]
   127 | D:1      | Reached skill level 1 in Fighting
   208 | D:1      | Reached XP level 2. HP: 21/24 MP: 0/3
   245 | D:1      | You pick up a book of Frost and begin reading...
   245 | D:1      | You add the spells Freeze, Frozen Ramparts and Hailstorm to
                  | your library.
   392 | D:1      | Reached skill level 2 in Fighting
   860 | D:1      | Reached XP level 3. HP: 31/32 MP: 4/4
  1083 | D:2      | Found Hulit's Assorted Antiques.
  1488 | D:2      | Found a runed translucent door.
  1489 | D:2      | Noticed Crazy Yiuf
  1630 | D:2      | Crazy Yiuf changed into Crazy Yiuf the adder
  1630 | D:2      | Noticed Crazy Yiuf
  1643 | D:2      | Killed Crazy Yiuf the adder
  1771 | D:2      | Noticed Sigmund
  1786 | D:2      | Killed Sigmund
  1787 | D:2      | Reached skill level 3 in Spellcasting
  1787 | D:2      | Reached XP level 4. HP: 16/39 MP: 5/9
  1787 | D:2      | Reached XP level 5. HP: 18/44 MP: 5/10
  1885 | D:2      | Noticed a black bear
  1894 | D:2      | Killed a black bear
  1895 | D:2      | Reached skill level 4 in Spellcasting
  1895 | D:2      | Reached XP level 6. HP: 48/53 MP: 7/12
  1952 | D:2      | Learned a level 3 spell: Frozen Ramparts
  2030 | D:2      | Found a bloodstained altar of Trog.
  2301 | D:3      | Reached skill level 1 in Ice Magic
  2390 | D:3      | Found an ornate altar of the Wu Jian Council.
  2589 | D:3      | Found a glowing drain.
  2598 | Sewer    | Entered a sewer
  2619 | Sewer    | Reached skill level 2 in Ice Magic
  3121 | Sewer    | a worm changed into a shapeshifter
  3121 | Sewer    | Noticed a shapeshifter (shapeshifter)
  3121 | Sewer    | a shapeshifter changed into a cane toad
  3121 | Sewer    | Noticed a cane toad (shapeshifter)
  3127 | Sewer    | Gained mutation: You are frail. (-10% HP) [potion of
                  | mutation]
  3127 | Sewer    | Gained mutation: Your flesh is cold resistant. (rC+)
                  | [potion of mutation]
  3127 | Sewer    | Gained mutation: You have large cloven feet. [potion of
                  | mutation]
  3127 | Sewer    | Gained mutation: You do not regenerate when monsters are
                  | visible. [potion of mutation]
  3127 | Sewer    | Lost mutation: Your flesh is cold resistant. (rC+) [potion
                  | of mutation]
  3127 | Sewer    | Gained mutation: Your spells are a little harder to cast,
                  | but a little more powerful. [potion of mutation]
  3127 | Sewer    | Gained mutation: Your flesh is heat resistant. (rF+)
                  | [potion of mutation]
  3130 | Sewer    | HP: 9/48 [cane toad (shapeshifter) (7)]
  3131 | Sewer    | Succumbed to a cane toad's poison

Vanquished Creatures
  Sigmund (D:2)
  A black bear (D:2)
  An iguana (D:3)
  2 river rats (D:3)
  5 adders
  3 worms
  A dart slug (D:1)
  5 bats
  6 endoplasms
  A giant cockroach (D:1)
  2 hobgoblins (D:1)
  9 jackals
  4 kobolds
  4 quokkas
  5 ball pythons
  4 frilled lizards
  8 goblins
  5 rats
67 creatures vanquished.

Table legend:
 A = Non-vault XP
 B = Vault XP
 C = Vault XP percentage of total XP
 D = Non-vault monster count
 E = Vault monster count
 F = Vault count percentage of total count
                 A         B        C        D         E       F
            +---------+---------+-------+---------+---------+-------
      Total |     240 |     350 |  59.3 |      40 |      27 |  40.3
            +---------+---------+-------+---------+---------+-------
        D:1 |      41 |       0 |   0.0 |      25 |       0 |   0.0
        D:2 |     147 |     257 |  63.6 |      11 |       6 |  35.3
        D:3 |      52 |      51 |  49.5 |       4 |       6 |  60.0
      Sewer |       0 |      42 | 100.0 |       0 |      15 | 100.0
            +---------+---------+-------+---------+---------+-------

Illustrated notes

Table legend:
 A = Kills in this place as a percentage of kills in entire the game.
 B = Kills by you in this place as a percentage of kills by you in the entire game.
 C = Kills by friends in this place as a percentage of kills by friends in the entire game.
 D = Other kills in this place as a percentage of other kills in the entire game.
 E = Experience gained in this place as a percentage of experience gained in the entire game.
 F = Experience gained in this place divided by the number of levels of this place that you have seen.
                   A       B       C       D       E      F
               +-------+-------+-------+-------+-------+----------------------
         Total | 100.0 | 100.0 |   N/A |   N/A | 100.0 | 147.5
       Dungeon |  77.6 |  77.6 |   N/A |   N/A |  92.9 | 182.7
         Sewer |  22.4 |  22.4 |   N/A |   N/A |   7.1 |  42.0
               +-------+-------+-------+-------+-------+----------------------

Table legend: (Time is in decaauts)
 A = Elapsed time spent in this place.
 B = Non-inter-level travel time spent in this place.
 C = Inter-level travel time spent in this place.
 D = Time resting spent in this place.
 E = Time spent auto-exploring this place.
 F = Levels seen in this place.
 G = Mean time per level.
                   A        B        C        D        E       F      G
               +--------+--------+--------+--------+--------+-----+--------+
         Total |   3148 |   3034 |    114 |    293 |   2263 |   4 |  787.0 |
       Dungeon |   2607 |   2493 |    114 |    130 |   2004 |   3 |  869.0 |
         Sewer |    541 |    541 |      0 |    163 |    259 |   1 |  541.0 |
               +--------+--------+--------+--------+--------+-----+--------+

Top non-repeatable levels by time:
     D:2: 1213 daAuts
     D:1: 1046 daAuts
   Sewer: 541 daAuts
     D:3: 346 daAuts
